AoeStats
← Ux'RaúlME

MegaRandom

507163362Analyzed
4v4 RM · 16d ago on Sep 16, 2026· 28m 50s· 8 players
Game mode
Random Map
Map size
Large (8 player)
Population
200
Speed
Normal
Resources
Standard
Victory
Conquest
Starting age
Dark Age
Ending age
Imperial Age
RankedLock teamsTeams togetherTeam positionsShared explorationLock speedFull tech treeHidden civsTurbo modeCheats
Victory
Defeat
🇲🇽 Jurchens · Mexico
1492
+7
🇨🇴 Malay · Colombia
1263
+15
🇺🇸 Teutons · United States
1214
+17
🇨🇴 Spanish · Colombia
1153
+21
🇲🇽 Chinese · Mexico
1325
-18
🇨🇳 Burgundians · China
1277
-16
🇨🇱 Britons · Chile
1225
-14
🇲🇽 Franks · Mexico
1174
-12
Ux'RaulitoMD
5:19 Loom
8:28 Loom
10:31 Feudal Age
11:53 Double-Bit Axe
14:51 Scale Barding Armor
14:58 Forging
16:32 Fletching
20:33 Scale Mail Armor
21:34 Wheelbarrow
20:44 Town Watch
22:17 Gold Mining
27:16 Castle Age
Ux'RaúlME
0:39 Loom
9:37 Feudal Age
13:51 Castle Age
11:43 Double-Bit Axe
12:26 Fletching
13:29 Padded Archer Armor
14:31 Crossbowman
24:34 Bodkin Arrow
[CL]Jigsaw
0:58 Loom
10:14 Feudal Age
11:10 Town Watch
12:52 Fletching
18:34 Horse Collar
25:27 Castle Age
24:07 Double-Bit Axe
25:02 Padded Archer Armor
EU _XING
1:32 Wheelbarrow
3:10 Loom
12:34 Feudal Age
11:36 Double-Bit Axe
14:11 Scale Barding Armor
14:35 Forging
16:24 Town Watch
18:03 Hand Cart
18:03 Horse Collar
25:29 Castle Age
23:39 Gold Mining
24:24 Bow Saw
26:06 Gold Shaft Mining
25:32 Cavalier
26:54 Heavy Plow
MZTK | PinPon
7:32 Loom
10:04 Feudal Age
13:16 Bloodlines
15:46 Scale Barding Armor
15:51 Forging
18:32 Wheelbarrow
18:43 Horse Collar
18:53 Double-Bit Axe
23:30 Castle Age
21:38 Gold Mining
22:43 Forging
24:34 Chain Barding Armor
24:49 Iron Casting
27:32 Heavy Plow
MZTK | Adjets
5:35 Loom
11:25 Feudal Age
11:57 Double-Bit Axe
16:23 Bloodlines
19:13 Scale Barding Armor
19:19 Forging
22:24 Castle Age
21:00 Bloodlines
22:34 Forging
22:25 Horse Collar
25:41 Fletching
MZTK | John_Wick
8:53 Loom
10:41 Feudal Age
11:53 Town Watch
16:04 Double-Bit Axe
18:58 Castle Age
17:05 Scale Barding Armor
24:28 Wheelbarrow
25:21 Light Cavalry
MZTK | Vitaminas
1:01 Loom
9:53 Feudal Age
12:25 Fletching
22:19 Castle Age
20:40 Double-Bit Axe
20:35 Horse Collar
20:58 Padded Archer Armor
21:32 Gold Mining
22:22 Crossbowman
22:58 Bodkin Arrow
24:58 Ballistics
Connection lost

Rejoining the realm…

Still unreachable

The connection could not be restored.

Session expired

The server has moved on; the page needs a fresh start.